 Dungeon Crawl Stone Soup version 0.28.0-45-g0d030f2227 (webtiles) character file.

Game seed: 6965479858554697822

2047 CryoSword the Geomancer (level 9, -1/52 HPs)
             Began as a Gargoyle Earth Elementalist on Apr 14, 2022.
             Was a Follower of Elyvilon.
             Slain by a six-headed hydra (3 damage)
             ... on level 6 of the Dungeon.
             The game lasted 00:12:48 (7056 turns).

CryoSword the Geomancer (GrEE)                      Turns: 7056, Time: 00:12:49

Health: -1/52      AC: 12    Str: 13    XL:     9   Next: 24%
Magic:  5/12       EV: 11    Int: 19    God:    Elyvilon [*.....]
Gold:   302        SH:  0    Dex: 10    Spells: 6/12 levels left

rFire   . . .      SeeInvis .   g - staff of earth
rCold   . . .      Faith    .   (no shield)
rNeg    + . .      Spirit   .   i - +0 leather armour
rPois   ∞          Reflect  .   a - +1 helmet
rElec   +          Harm     .   e - +0 cloak
rCorr   .          Rampage  .   (no gloves)
Will    .....                   (no boots)
Stlth   ++........              (no amulet)
HPRegen 0.17/turn               (no ring)
MPRegen 0.13/turn               (no ring)

@: no status effects
A: sickness immunity, AC +6, negative energy resistance 1, electricity
resistance, torment resistance 1, petrification resistance
a: Renounce Religion, Purification


You were on level 6 of the Dungeon.
You worshipped Elyvilon.
Elyvilon was aware of your devotion.
You visited 2 branches of the dungeon, and saw 7 of its levels.

You collected 302 gold pieces.

Inventory:

Hand Weapons
 q - a +1 flail of protection
   (You took it off Edmund on level 3 of the Dungeon)
Missiles
 b - 20 poisoned darts
 c - 16 stones
Armour
 a - a +1 helmet (worn)
   (You found it on level 1 of the Dungeon)
 e - a +0 cloak (worn)
   (You found it on level 1 of the Dungeon)
 i - a +0 leather armour (worn)
   (You found it on level 2 of the Dungeon)
Magical Staves
 g - a staff of earth (weapon)
   (You found it on level 2 of the Dungeon)
Jewellery
 o - a ring of ice
   (You found it on level 4 of the Dungeon)
 s - an amulet of magic regeneration
   (You found it on level 6 of the Dungeon)
Wands
 k - a wand of flame (37)
   (You took it off a kobold on level 3 of the Dungeon)
Scrolls
 d - a scroll of noise {unknown}
 h - a scroll of teleportation {@r4}
 j - a scroll of fear
 l - 4 scrolls of immolation {!r}
Potions
 f - 2 potions of curing {@q1}
 m - a potion of might {unknown}
 n - a potion of magic
 p - a potion of flight
 r - a potion of resistance {unknown}


   Skills:
 + Level 4.3 Fighting
 + Level 3.8 Staves
 - Level 2.0 Dodging
 - Level 5.0 Stealth
 - Level 2.0 Spellcasting
 * Level 6.4 Conjurations
 - Level 0.7 Transmutations
 * Level 8.0 Earth Magic
 + Level 2.0 Invocations
 - Level 3.0 Evocations


You had 6 spell levels left.
You knew the following spells:

 Your Spells              Type           Power      Damage    Failure   Level
a - Sandblast             Erth           96%        2d20      1%          1
b - Stone Arrow           Conj/Erth      88%        3d12      3%          3
P - Passwall              Tmut/Erth      22%        N/A       5%          2

Your spell library contained the following spells:

 Spells                   Type           Power      Damage    Failure   Level
 Magic Dart               Conj           100%       1d8       1%          1
 Mephitic Cloud           Conj/Pois/Air  10%        N/A       26%         3
 Call Imp                 Summ           1%         N/A       32%         2
 Corpse Rot               Necr/Air       2%         N/A       32%         2
 Poisonous Vapours        Pois/Air       2%         N/A       32%         2
 Petrify                  Tmut/Erth      27%        N/A       34%         4
 Frozen Ramparts          Ice            2%         1d2       54%         3
 Ice Form                 Ice/Tmut       3%         N/A       88%         4
 Summon Ice Beast         Ice/Summ       1%         N/A       91%         4


Dungeon Overview and Level Annotations

Branches:
Dungeon (6/15)             Temple (1/1) D:5

Altars:
Ashenzari
Elyvilon
Fedhas
Hepliaklqana
Qazlal
Sif Muna
Trog
Uskayaw
Vehumet
Xom
Zin
Lugonu

Shops:
D:3 [=[[(


Innate Abilities, Weirdness & Mutations

You are immune to sickness and miasma.
Your stone body is resilient. (AC +6)
You are immune to poison.
You resist negative energy. (rN+)
You are resistant to electric shocks. (rElec)
You are resistant to unholy torment.
You are immune to petrification.


Message History

You hit the bullfrog skeleton.
The bullfrog skeleton closely misses you.
You barely miss the bullfrog skeleton.
The bullfrog skeleton barely misses you. x2
You hit the bullfrog skeleton.
The bullfrog skeleton hits you but does no damage.
You hit the bullfrog skeleton.
You shatter the bullfrog skeleton.
The bullfrog skeleton hits you.
You hit the bullfrog skeleton.
You shatter the bullfrog skeleton.
The bullfrog skeleton hits you but does no damage.
The bullfrog skeleton misses you.
You hit the bullfrog skeleton.
You destroy the bullfrog skeleton!
No target in view!
You now have enough gold to buy a ring of magical power on D:3.
You now have 263 gold pieces (gained 11).
You enter the shallow water.
Moving in this stuff is going to be slow.
Menkaure, Prince of Dust comes into view.
Menkaure shouts!
Menkaure calls on the powers of darkness!
Your body is wracked with pain!
You enter the shallow water.
Moving in this stuff is going to be slow.
A wyvern skeleton comes into view.
Found a runed hand axe.
Aim: a wyvern skeleton (98% to hit)
You feel a surge of power!
The stone arrow hits the wyvern skeleton!!
The wyvern skeleton closely misses you.
Aim: a wyvern skeleton (heavily damaged, 98% to hit)
You feel a surge of power!
The stone arrow hits the wyvern skeleton!
The wyvern skeleton bites you but does no damage.
Aim: a wyvern skeleton (almost destroyed, 98% to hit)
You feel a surge of power!
The stone arrow hits the wyvern skeleton!
You destroy the wyvern skeleton!
You start resting.
Menkaure is nearby!
Menkaure is nearby!
Menkaure calls on the powers of darkness!
Your body is wracked with pain!
Aim: Menkaure (92% to hit)
You feel a surge of power!
The blast of sand hits Menkaure.
Aim: Menkaure (moderately damaged, 92% to hit)
You feel a surge of power!
The blast of sand hits Menkaure!!
Aim: Menkaure (almost destroyed, 92% to hit)
You feel a surge of power!
The blast of sand hits Menkaure!
You destroy Menkaure!
Your Earth Magic skill increases to level 8!
Found 23 arrows.
Could not explore, unopened door.
Could not explore, unopened door.
As you open the large door, it creaks loudly!
There is a large open door here.
There is a large open door here.
Could not explore, unopened door.
Could not explore, unopened door.
You open the door.
There is an open door here.
Could not explore, unopened door.
You open the door.
An orc and a scorpion come into view.
The orc shouts!
There are monsters nearby!
There are monsters nearby!
Aim: a scorpion (76% to hit)
You feel a surge of power!
You miscast Stone Arrow.
You are very lightly contaminated with residual magic.
Nothing appears to happen.
Aim: a scorpion (76% to hit)
You feel a surge of power!
The stone arrow hits the scorpion!
The scorpion stings you but does no damage.
The scorpion misses you.
Aim: a scorpion (severely wounded, 76% to hit)
You feel a surge of power!
The stone arrow hits the scorpion!!
You kill the scorpion!
Your Invocations skill increases to level 2!
Aim: an orc, wielding a +0 whip (76% to hit)
You feel a surge of power!
The stone arrow hits the orc!!
You kill the orc!
No target in view!
No target in view!
Your magical contamination has completely faded away.
There is an open door here.
You see here a +0 whip.
Found a stone staircase leading down.
You now have 276 gold pieces (gained 13).
An orc comes into view. It is wielding a +0 club.
An orc is nearby!
An orc is nearby!
A sky beast comes into view.
Aim: an orc, wielding a +0 club (asleep, 100% to hit)
You feel a surge of power!
The stone arrow hits the orc!!
You kill the orc!
Things that are here:
a +0 club; an orc corpse
Found a glowing silver altar of Zin.
Found a stone staircase leading up.
r - a lumpy coppery potion
s - an amulet of magic regeneration You now have 293 gold pieces (gained 17).
There is a stone staircase leading up here.
You now have 302 gold pieces (gained 9).
b - 20 poisoned darts (gained 3) Could not explore, unopened door.
Could not explore, unopened door.
You open the door.
Found a book of Geomancy.
There is an open door here.
f - 2 potions of curing {@q1} (gained 1) Could not explore, unopened door.
You open the door.
There is an open door here.
A six-headed hydra comes into view.
You see here a +1 hand axe of electrocution.
A six-headed hydra is nearby!
A six-headed hydra is nearby!
Aim: a six-headed hydra (wandering, hasn't noticed you, 92% to hit)
You feel a surge of power!
The stone arrow hits the six-headed hydra!!
Aim: a six-headed hydra (moderately wounded, 94% to hit)
You feel a surge of power!
The blast of sand hits the six-headed hydra!
Aim: a six-headed hydra (heavily wounded, 94% to hit)
You feel a surge of power!
The blast of sand hits the six-headed hydra!!
Aim: a six-headed hydra (severely wounded, 94% to hit)
You feel a surge of power!
The blast of sand misses the six-headed hydra.
The six-headed hydra bites you! The six-headed hydra bites you.
The six-headed hydra bites you! x2
* * * LOW HITPOINT WARNING * * *
The six-headed hydra bites you but does no damage.
The six-headed hydra bites you!
* * * LOW HITPOINT WARNING * * *
Aim: a six-headed hydra (severely wounded, 94% to hit)
You feel a surge of power!
The blast of sand hits the six-headed hydra!!
The six-headed hydra bites you!
* * * LOW HITPOINT WARNING * * *
The six-headed hydra bites you! Elyvilon protects you from harm!
The six-headed hydra bites you! Elyvilon protects you from harm!
The six-headed hydra bites you but does no damage.
The six-headed hydra bites you.
You die...

..#...#...#...#..#..#
..#...#...#####..#..# .
..#...#....:.....#..# ..
..#...#..........#..# ...
..#...#..........#..#....
###...#######'####.......#
# #..............).......#
# #......................#
..#.............@.........
..##############D#'#.....#
................≈≈≈♣.....#
...........Z...P♣≈≈≈......
...............♣♣≈........
#................#####....
#......####....### .
#......# #....# #......##
#....#


You could see a six-headed hydra.

Vanquished Creatures
  6 yaks
  Sigmund (D:4)
  Menkaure (D:6)
  Edmund (D:3)
  A black bear (D:6)
  An ogre (D:5)
  A wyvern skeleton (D:6)
  2 scorpions
  A water moccasin skeleton (D:5)
  A bullfrog zombie (D:5)
  A jelly (D:4)
  A centaur zombie (D:4)
  A hound (D:5)
  A bullfrog skeleton (D:6)
  2 orc priests
  A gnoll shaman (D:5)
  An orc wizard (D:3)
  A scorpion zombie (D:5)
  2 hound skeletons
  3 gnolls (D:5)
  3 adders
  5 dart slugs
  2 worms (D:3)
  11 orcs
  7 ball pythons
  5 endoplasms
  2 giant cockroaches (D:1)
  A hobgoblin (D:4)
  3 quokkas
  2 bats (D:1)
  A frilled lizard (D:1)
  5 goblins
  9 kobolds
  3 rats
89 creatures vanquished.

Notes
Turn   | Place    | Note
-------+----------+-------------------------------------------
     0 | D:1      | CryoSword the Gargoyle Earth Elementalist began the quest
                  | for the Orb.
     0 | D:1      | Reached XP level 1. HP: 10/10 MP: 3/3
   361 | D:1      | Reached XP level 2. HP: 16/16 MP: 3/5
   459 | D:1      | Reached skill level 4 in Earth Magic
   675 | D:1      | Reached skill level 1 in Conjurations
   913 | D:1      | Reached XP level 3. HP: 20/20 MP: 4/6
  1747 | D:3      | Learned a level 2 spell: Passwall
  1751 | D:3      | Learned a level 3 spell: Stone Arrow
  1789 | D:3      | Found Uqorpheem's Antique Armour Boutique.
  1835 | D:3      | Found Midifaer's Antique Armour Boutique.
  1877 | D:3      | Reached skill level 1 in Fighting
  1878 | D:3      | Reached XP level 4. HP: 7/25 MP: 3/7
  2250 | D:3      | Found Haiwec's Antique Armour Shoppe.
  2276 | D:3      | Found Hosh's Jewellery Shop.
  2375 | D:3      | Found a radiant altar of Vehumet.
  2895 | D:3      | Found Tussogio's Weapon Shoppe.
  2933 | D:4      | Found a bloodstained altar of Trog.
  3012 | D:4      | Reached skill level 1 in Staves
  3012 | D:4      | Reached XP level 5. HP: 29/29 MP: 3/8
  3053 | D:4      | Noticed a +0 falchion
  3053 | D:4      | Noticed a +0 short sword
  3053 | D:4      | Noticed a +0 falchion
  3053 | D:4      | Noticed a +0 dagger
  3053 | D:4      | Noticed a +0 dagger
  3054 | D:4      | Noticed a +0 spear
  3054 | D:4      | Noticed a +0 short sword
  3094 | D:4      | Noticed Edmund
  3100 | D:4      | Noticed a +0 spear
  3433 | D:4      | Found a hide-covered altar of Uskayaw.
  3542 | D:4      | Noticed Sigmund
  3545 | D:4      | Killed Sigmund
  3546 | D:4      | Reached skill level 5 in Earth Magic
  3546 | D:4      | Reached skill level 1 in Evocations
  3546 | D:4      | Reached XP level 6. HP: 35/35 MP: 5/9
  3799 | D:4      | Found a shimmering blue altar of Sif Muna.
  4284 | D:5      | Entered Level 5 of the Dungeon
  4285 | D:5      | Noticed a yak
  4285 | D:5      | Noticed a yak
  4290 | D:5      | Killed a yak
  4290 | D:5      | Noticed a yak
  4291 | D:5      | Reached XP level 7. HP: 40/40 MP: 6/10
  4291 | D:5      | Noticed a yak
  4302 | D:4      | Killed a yak
  4303 | D:4      | Reached skill level 6 in Earth Magic
  4468 | D:5      | Found a staircase to the Ecumenical Temple.
  4481 | Temple   | Entered the Ecumenical Temple
  4496 | Temple   | Became a worshipper of Elyvilon the Healer
  4722 | D:5      | Reached XP level 8. HP: 35/46 MP: 4/11
  5464 | D:5      | Noticed a yak
  5484 | D:5      | Killed a yak
  5485 | D:5      | Reached skill level 5 in Conjurations
  5489 | D:5      | Noticed a yak
  5646 | D:5      | Killed a yak
  5647 | D:5      | Reached skill level 7 in Earth Magic
  5843 | D:5      | Reached * piety under Elyvilon
  5999 | D:5      | Killed a yak
  6030 | D:5      | Killed a yak
  6031 | D:5      | Reached skill level 5 in Stealth
  6031 | D:5      | Reached skill level 1 in Invocations
  6286 | D:3      | Killed Edmund
  6287 | D:3      | Reached XP level 9. HP: 40/52 MP: 0/12
  6647 | D:6      | Noticed Menkaure
  6682 | D:6      | Killed Menkaure
  6683 | D:6      | Reached skill level 8 in Earth Magic
  6946 | D:6      | Found a glowing silver altar of Zin.
  7049 | D:6      | Noticed a six-headed hydra
  7056 | D:6      | HP: 2/52 [six-headed hydra (7)]
  7056 | D:6      | Elyvilon protects you from harm!
  7056 | D:6      | Elyvilon protects you from harm!
  7056 | D:6      | Slain by a six-headed hydra

Illustrated notes

Levels and vault maps discovered:
D:1:      dpeg_arrival_erosion, layout_basic
D:2:      layout_basic
D:3:      layout_basic, vehumet_altar_wand_db, serial_shops, shop_statue,
          nicolae_shop_stone, nicolae_shop_trees, nicolae_shop_crystal, shop,
          serial_park_tiny_pond, minmay_misc_feat_diagonals
D:4:      layout_cave_pods, nicolae_uskayaw_en_pointe, bloody_trog,
          nicolae_sif_muna_little_library, serial_bayou_crossing, uniq_sigmund,
          uniq_edmund
D:5:      layout_basic, minmay_temple_entry_ruins, hex_medium
D:6:      layout_basic, nicolae_ru_great_annihilating_truth, zin_academy,
          serial_bayou_pond_e, minmay_microvault, uniq_menkaure
Temple:   corrupted_temple

Skill      XL: |  1  2  3  4  5  6  7  8  9 |
---------------+----------------------------+-----
Earth Magic    | 4 5 6 7 8 |  8.0
Conjurations   | 1 2 3 4 5 6 |  6.4
Fighting       | 1 2 3 4 |  4.3
Dodging        | 2 |  2.0
Staves         | 1 2 3 |  3.8
Stealth        | 3 4 5 |  5.0
Evocations     | 1 2 3 |  3.0
Invocations    | 1 2 |  2.0
Spellcasting   | |  2.0
Transmutations | |  0.7

Action                   |  1- 3 |  4- 6 |  7- 9 || total
-------------------------+-------+-------+-------++-------
Melee: Unarmed           |     8 |       |       ||     8
       Staff             |    21 |    69 |    17 ||   107
       Punch             |       |     1 |       ||     1
 Cast: Sandblast         |    46 |    36 |    30 ||   112
       Stone Arrow       |       |     3 |    48 ||    51
  Use: Potion            |     1 |       |       ||     1
       Scroll            |       |     5 |     3 ||     8
 Stab: Sleeping          |     1 |       |     1 ||     2
Armor: Robe              |     4 |    21 |     5 ||    30
       Leather armour    |    17 |    14 |    13 ||    44
Dodge: Dodged            |    29 |    54 |    24 ||   107
